[Event "Commonwealth Open 2019"]
[Site "Delhi"]
[Date "2019.07.07"]
[Round "9.12"]
[White "Varshini, V."]
[Black "Tania, Sachdev"]
[Result "0-1"]
[ECO "C86"]
[WhiteElo "2087"]
[BlackElo "2401"]
[Annotator "NA"]
[PlyCount "74"]
[EventDate "2019.06.30"]
[EventType "swiss"]
[EventCountry "IND"]
[SourceTitle "playchess.com"]
[Source "ChessBase"]
[SourceQuality "1"]
[TimeControl "5400+30"]

1. e4 e5 2. Nf3 Nc6 3. Bb5 a6 4. Ba4 Nf6 5. Qe2 Be7 6. O-O b5 7. Bb3 O-O 8. c3 d5 9. d3 Be6 10. Rd1 Re8 11. Nbd2 h6 12. Nf1 Bd6 13. Ng3 Ne7 14. d4 Ng6 15. dxe5 Nxe5 16. Nd4 Bd7 17. f4 Bg4 18. Nf3 dxe4 19. fxe5 exf3 20. gxf3 Bh3 21. Bf4 Nd7 22. Rd5 Qh4 23. Rd4 Bc5 24. Be3 Bxd4 25. cxd4 c5 26. Rd1 cxd4 27. Rxd4 Qe7 28. f4 Nc5 29. Bc2 Rad8 30. Qh5 Bc8 31. Nf5 Bxf5 32. Qxf5 g6 33. Qh3 Rxd4 34. Bxd4 Ne6 35. Be3 Nxf4 36. Qxh6 Qxe5 37. Bxf4 Qc5+ 0-1

[Event "Commonwealth Open 2019"]
[Site "Delhi"]
[Date "2019.07.07"]
[Round "9.13"]
[White "Laxman, R.R."]
[Black "Priyanka, K."]
[Result "1-0"]
[ECO "A48"]
[WhiteElo "2437"]
[BlackElo "2053"]
[Annotator "NA"]
[PlyCount "65"]
[EventDate "2019.06.30"]
[EventType "swiss"]
[EventCountry "IND"]
[SourceTitle "playchess.com"]
[Source "ChessBase"]
[SourceQuality "1"]
[TimeControl "5400+30"]

1. d4 Nf6 2. Nf3 g6 3. Nbd2 d5 4. e3 Bg7 5. b4 c6 6. c4 O-O 7. Be2 Ne4 8. Nxe4 dxe4 9. Nd2 e5 10. dxe5 Bxe5 11. Rb1 a5 12. b5 f5 13. Ba3 Re8 14. c5 Be6 15. Qc2 Nd7 16. bxc6 bxc6 17. Nc4 Bf6 18. Nd6 Re7 19. Bc4 Bxc4 20. Qxc4+ Kg7 21. O-O Ne5 22. Qa4 Rb8 23. Rb6 Rd7 24. Rfb1 Rxb6 25. cxb6 Nf3+ 26. gxf3 Be5 27. f4 Bxd6 28. Bxd6 Rxd6 29. b7 Qh4 30. b8=Q Qg4+ 31. Kf1 Qh3+ 32. Ke1 Qf3 33. Qxd6 1-0

[Event "Commonwealth Open 2019"]
[Site "Delhi"]
[Date "2019.07.07"]
[Round "9.14"]
[White "Nitin, S.."]
[Black "Anilkumar, O.T."]
[Result "0-1"]
[ECO "B01"]
[WhiteElo "2398"]
[BlackElo "1989"]
[Annotator "NA"]
[PlyCount "78"]
[EventDate "2019.06.30"]
[EventType "swiss"]
[EventCountry "IND"]
[SourceTitle "playchess.com"]
[Source "ChessBase"]
[SourceQuality "1"]
[TimeControl "5400+30"]

1. e4 d5 2. exd5 Qxd5 3. Nc3 Qa5 4. d4 Nf6 5. Bd3 Bg4 6. Nge2 e6 7. f3 Bf5 8. O-O Bxd3 9. Qxd3 c6 10. Ne4 Be7 11. a4 O-O 12. Bd2 Qc7 13. a5 Nbd7 14. Bf4 Qd8 15. Nd6 Bxd6 16. Bxd6 Re8 17. Ng3 Nf8 18. Qa3 Ng6 19. f4 Qd7 20. Rad1 b6 21. Be5 Nd5 22. c4 Nde7 23. Nh5 Nxe5 24. dxe5 Qc7 25. Qg3 Ng6 26. Rd6 Rad8 27. Rfd1 Rxd6 28. Rxd6 bxa5 29. c5 Qb7 30. Qc3 Ne7 31. Qxa5 Qxb2 32. h3 Qb8 33. Kh2 Nd5 34. Qa4 Qb5 35. Qxa7 Qe2 36. Rxe6 Rf8 37. Qd7 Ne3 38. Qxc6 fxe6 39. Qb7 Qxh5 0-1

[Event "Commonwealth Open 2019"]
[Site "Delhi"]
[Date "2019.07.07"]
[Round "9.15"]
[White "Kulkarni, Bhakti"]
[Black "Sa, Kannan"]
[Result "1-0"]
[ECO "C54"]
[WhiteElo "2380"]
[BlackElo "1947"]
[Annotator "NA"]
[PlyCount "57"]
[EventDate "2019.06.30"]
[EventType "swiss"]
[EventCountry "IND"]
[SourceTitle "playchess.com"]
[Source "ChessBase"]
[SourceQuality "1"]
[TimeControl "5400+30"]

1. e4 e5 2. Nf3 Nc6 3. Bc4 Bc5 4. c3 Nf6 5. d4 exd4 6. e5 d5 7. Bb5 Ne4 8. cxd4 Bb4+ 9. Nbd2 Bg4 10. Qa4 Bd7 11. O-O Bxd2 12. Nxd2 O-O 13. Nf3 Qe8 14. Bxc6 Bxc6 15. Qb3 a5 16. Nh4 f6 17. f3 fxe5 18. fxe4 Rxf1+ 19. Kxf1 Qh5 20. exd5 a4 21. Qc4 Qd1+ 22. Kf2 Rf8+ 23. Nf3 Be8 24. d6+ Kh8 25. dxc7 Bc6 26. d5 Bd7 27. Qe4 Bb5 28. Qf5 Qf1+ 29. Kg3 1-0

[Event "Commonwealth Open 2019"]
[Site "Delhi"]
[Date "2019.07.07"]
[Round "9.16"]
[White "Ajay Karthikeyan"]
[Black "Rathnakaran, K.."]
[Result "1-0"]
[ECO "A40"]
[WhiteElo "2216"]
[BlackElo "2338"]
[Annotator "NA"]
[PlyCount "115"]
[EventDate "2019.06.30"]
[EventType "swiss"]
[EventCountry "IND"]
[SourceTitle "playchess.com"]
[Source "ChessBase"]
[SourceQuality "1"]
[TimeControl "5400+30"]

1. d4 g6 2. Nf3 Bg7 3. g3 f5 4. Bg2 Nf6 5. O-O O-O 6. b3 d6 7. Bb2 a5 8. c4 Qe8 9. Nc3 c6 10. d5 h6 11. Rc1 g5 12. e3 c5 13. Qe2 Qg6 14. Rfe1 Nbd7 15. Nb5 Ne8 16. Bxg7 Qxg7 17. a4 Ne5 18. Nc3 Ng6 19. Rf1 Bd7 20. Ne1 f4 21. exf4 gxf4 22. Kh1 fxg3 23. hxg3 Nf6 24. Ne4 Ne5 25. Nxc5 Bg4 26. Qe3 Qg6 27. Ncd3 Qh5+ 28. Kg1 Ng6 29. f3 Rf7 30. Nc2 Bh3 31. Nd4 Kh8 32. g4 Bxg4 33. fxg4 Qxg4 34. Nf2 Qh5 35. Bf3 Qh4 36. Nf5 Qf4 37. Qxf4 Nxf4 38. Ng3 Rg8 39. Kh2 Nd7 40. Nh3 Nxh3 41. Kxh3 Rfg7 42. Rg1 Ne5 43. Be4 Rg4 44. Rcf1 b6 45. Bb1 R4g5 46. Rf5 Rg4 47. Rh5 Nf7 48. Bf5 Rf4 49. Be6 Ng5+ 50. Kg2 Rg6 51. Rgh1 Kg7 52. R1h4 Rf3 53. Bf5 Rxb3 54. Bxg6 Rb2+ 55. Kf1 Kxg6 56. Rxh6+ Kg7 57. Nf5+ Kf7 58. Rg4 1-0

[Event "Commonwealth Open 2019"]
[Site "Delhi"]
[Date "2019.07.07"]
[Round "9.17"]
[White "Sangma, Rahul"]
[Black "Sanjeet, Manohar"]
[Result "1-0"]
[ECO "C91"]
[WhiteElo "2298"]
[BlackElo "1905"]
[Annotator "NA"]
[PlyCount "93"]
[EventDate "2019.06.30"]
[EventType "swiss"]
[EventCountry "IND"]
[SourceTitle "playchess.com"]
[Source "ChessBase"]
[SourceQuality "1"]
[TimeControl "5400+30"]

1. e4 e5 2. Nf3 Nc6 3. Bb5 a6 4. Ba4 Nf6 5. O-O Be7 6. Re1 b5 7. Bb3 d6 8. c3 O-O 9. d4 Bg4 10. Be3 exd4 11. cxd4 Na5 12. Bc2 Nc4 13. Bc1 c5 14. b3 Nb6 15. Nbd2 Rc8 16. Bb2 cxd4 17. Qb1 Bh5 18. Nxd4 Bg6 19. f4 d5 20. f5 dxe4 21. Nxe4 Bh5 22. Kh1 Bb4 23. Nxf6+ Qxf6 24. Ne6 Qh4 25. Re4 Qf2 26. Bd4 Qd2 27. Be3 Qc3 28. Nxf8 Nd5 29. Bd4 Qd2 30. Nd7 Nc3 31. Bxc3 Bxc3 32. Nb6 Rd8 33. Qe1 Qxe1+ 34. Raxe1 Bxe1 35. Rxe1 Kf8 36. a4 Rd6 37. a5 f6 38. Be4 Bf7 39. Bb7 Bxb3 40. Bxa6 b4 41. Bb7 Bc2 42. a6 b3 43. a7 Rd8 44. a8=Q Rxa8 45. Bxa8 b2 46. Nd7+ Kf7 47. Bd5# 1-0

[Event "Commonwealth Open 2019"]
[Site "Delhi"]
[Date "2019.07.07"]
[Round "9.18"]
[White "Mahalakshmi, M."]
[Black "Sanskriti, Goyal"]
[Result "1-0"]
[ECO "A61"]
[WhiteElo "2245"]
[BlackElo "1951"]
[Annotator "NA"]
[PlyCount "87"]
[EventDate "2019.06.30"]
[EventType "swiss"]
[EventCountry "IND"]
[SourceTitle "playchess.com"]
[Source "ChessBase"]
[SourceQuality "1"]
[TimeControl "5400+30"]

1. d4 Nf6 2. c4 c5 3. d5 e6 4. Nc3 exd5 5. cxd5 d6 6. Nf3 g6 7. Nd2 Bg7 8. Nc4 O-O 9. Bf4 Ne8 10. Qd2 b6 11. e3 Ba6 12. a4 Bxc4 13. Bxc4 Nd7 14. O-O Ne5 15. Bb5 a6 16. Bxe5 Bxe5 17. Bc6 Rb8 18. Rab1 Nc7 19. Qd3 Qe7 20. Rfc1 f5 21. f4 Bg7 22. Re1 Qf6 23. Re2 g5 24. Rf1 Qg6 25. fxg5 Qxg5 26. Ref2 c4 27. Rxf5 Rxf5 28. Rxf5 cxd3 29. Rxg5 Rf8 30. Nd1 Kh8 31. g4 b5 32. a5 Be5 33. Kg2 Bxh2 34. Kxh2 Rf1 35. Nc3 b4 36. Ne4 d2 37. Nxd2 Rf2+ 38. Kg3 Rxd2 39. e4 Rxb2 40. e5 dxe5 41. d6 Rc2 42. d7 Rd2 43. Rxe5 Kg7 44. Rd5 1-0

[Event "Commonwealth Open 2019"]
[Site "Delhi"]
[Date "2019.07.07"]
[Round "9.19"]
[White "Aaryan Varshney"]
[Black "Oatlhotse, Providence"]
[Result "1/2-1/2"]
[ECO "E15"]
[WhiteElo "2284"]
[BlackElo "2244"]
[Annotator "NA"]
[PlyCount "120"]
[EventDate "2019.06.30"]
[EventType "swiss"]
[EventCountry "IND"]
[SourceTitle "playchess.com"]
[Source "ChessBase"]
[SourceQuality "1"]
[TimeControl "5400+30"]

1. d4 Nf6 2. Nf3 e6 3. c4 b6 4. g3 Ba6 5. b3 Bb4+ 6. Bd2 Be7 7. Bg2 c6 8. O-O d5 9. Ne5 Nfd7 10. Nxd7 Nxd7 11. Bc3 Rc8 12. Nd2 f5 13. Rc1 O-O 14. Bb2 Qe8 15. a3 Qh5 16. e3 Qh6 17. b4 Bb7 18. cxd5 exd5 19. Qa4 b5 20. Qxa7 Rb8 21. a4 Bxb4 22. Nf3 bxa4 23. Qxa4 Bd6 24. Ba1 Nb6 25. Qa7 Nc8 26. Qa2 Ra8 27. Qc2 Ba6 28. Rfe1 Bc4 29. Nd2 Ra2 30. Bb2 Nb6 31. Ra1 Rfa8 32. Rxa2 Rxa2 33. Ra1 Rxa1+ 34. Bxa1 Qh5 35. Bf3 Qf7 36. Nxc4 Nxc4 37. Be2 Bf8 38. Bd3 g6 39. Kg2 Qe6 40. Bc3 h5 41. h4 Bd6 42. Qe2 Bf8 43. Qa2 Be7 44. Kh2 Kf7 45. Qa7 Kf8 46. Qb8+ Kf7 47. Qb7 Kf8 48. Bb4 Bxb4 49. Qxb4+ Nd6 50. Qb8+ Ke7 51. Ba6 Ne4 52. Kg1 c5 53. Qc7+ Kf8 54. Bb7 cxd4 55. Qd8+ Qe8 56. Qxe8+ Kxe8 57. exd4 Nc3 58. Bc6+ Ke7 59. Kf1 f4 60. gxf4 Ke6 1/2-1/2

[Event "Commonwealth Open 2019"]
[Site "Delhi"]
[Date "2019.07.07"]
[Round "9.20"]
[White "Arpita, Mukherjee"]
[Black "Jubin Jimmy"]
[Result "1-0"]
[ECO "B12"]
[WhiteElo "2248"]
[BlackElo "2219"]
[Annotator "NA"]
[PlyCount "81"]
[EventDate "2019.06.30"]
[EventType "swiss"]
[EventCountry "IND"]
[SourceTitle "playchess.com"]
[Source "ChessBase"]
[SourceQuality "1"]
[TimeControl "5400+30"]

1. e4 c6 2. d4 d5 3. e5 Bf5 4. Nf3 e6 5. Be2 Nd7 6. O-O Ne7 7. Re1 h6 8. a4 g5 9. Bd3 Bxd3 10. Qxd3 Ng6 11. h3 Bg7 12. c4 dxc4 13. Qxc4 Nb6 14. Qb3 Qd5 15. Qc2 Qd7 16. Nc3 O-O 17. Ne4 Nd5 18. Nc5 Qe7 19. b3 b6 20. Ne4 Qd7 21. Ba3 Rfc8 22. g3 Bf8 23. Bxf8 Kxf8 24. Rac1 Kg7 25. Qe2 Qe7 26. Rc4 Rc7 27. Rec1 Qa3 28. Qd1 Rd8 29. Rxc6 Rxc6 30. Rxc6 Nge7 31. Rc4 Nf5 32. g4 Nfe7 33. h4 gxh4 34. Nxh4 Nf4 35. Qf3 Ned5 36. Ng2 Qa1+ 37. Kh2 Ng6 38. Nf6 Nde7 39. Nh5+ Kf8 40. Ngf4 Ke8 41. Ng7+ 1-0

[Event "Commonwealth Open 2019"]
[Site "Delhi"]
[Date "2019.07.07"]
[Round "9.21"]
[White "Kiran, Manisha Mohanty"]
[Black "Thipsay, Praveen M"]
[Result "0-1"]
[ECO "C55"]
[WhiteElo "2054"]
[BlackElo "2405"]
[Annotator "NA"]
[PlyCount "62"]
[EventDate "2019.06.30"]
[EventType "swiss"]
[EventCountry "IND"]
[SourceTitle "playchess.com"]
[Source "ChessBase"]
[SourceQuality "1"]
[TimeControl "5400+30"]

1. e4 e5 2. Nf3 Nc6 3. Bc4 Nf6 4. d3 Be7 5. Nc3 d6 6. a3 O-O 7. h3 Be6 8. Nd5 Bxd5 9. exd5 Nb8 10. Qe2 Nbd7 11. Be3 Nb6 12. Bxb6 axb6 13. O-O c6 14. dxc6 bxc6 15. Bb3 Qd7 16. Rad1 Rae8 17. Nd2 g6 18. Qe3 Bd8 19. Ne4 Nh5 20. d4 d5 21. dxe5 Rxe5 22. Qd4 Qe7 23. Nc3 Bc7 24. Qb4 Qf6 25. Bxd5 cxd5 26. Nxd5 Rxd5 27. Rxd5 Nf4 28. Rb5 Ne2+ 29. Kh1 Ng3+ 30. fxg3 Qxf1+ 31. Kh2 Re8 0-1

[Event "Commonwealth Open 2019"]
[Site "Delhi"]
[Date "2019.07.07"]
[Round "9.22"]
[White "Sumit, Grover"]
[Black "Michelle Catherina, P."]
[Result "1/2-1/2"]
[ECO "D79"]
[WhiteElo "1875"]
[BlackElo "2226"]
[Annotator "NA"]
[PlyCount "109"]
[EventDate "2019.06.30"]
[EventType "swiss"]
[EventCountry "IND"]
[SourceTitle "playchess.com"]
[Source "ChessBase"]
[SourceQuality "1"]
[TimeControl "5400+30"]

1. Nf3 d5 2. g3 g6 3. Bg2 Bg7 4. d4 Nf6 5. O-O O-O 6. c4 c6 7. cxd5 cxd5 8. Nc3 b6 9. Bf4 Bb7 10. Rc1 a6 11. Ne5 Nc6 12. Nxd5 Nxd5 13. Nxc6 Bxc6 14. Rxc6 Nxf4 15. gxf4 Qxd4 16. Qxd4 Bxd4 17. e3 Bg7 18. Rxb6 Rfb8 19. Bxa8 Rxb6 20. b3 Rb8 21. Bd5 a5 22. Rc1 e6 23. Bf3 Bf8 24. Rc7 Bb4 25. Ra7 Rc8 26. Ra8 Rxa8 27. Bxa8 f6 28. Kf1 Kf7 29. Ke2 Ke7 30. Bb7 Kd6 31. Bc8 Bc3 32. Kd3 Be1 33. f3 h5 34. h3 h4 35. Ba6 Bb4 36. Bb5 g5 37. fxg5 fxg5 38. Ke4 Bc5 39. Be2 Bb4 40. f4 gxf4 41. exf4 Be1 42. Bc4 Ke7 43. Kf3 Kf6 44. Kg4 Ke7 45. a3 Kf6 46. Bd3 Kf7 47. Kg5 Ke7 48. Bc4 Kd6 49. Kf6 Bd2 50. Bxe6 Bxf4 51. Bf7 Kc5 52. Kf5 Bg3 53. Ke4 Bd6 54. Be8 Kb6 55. a4 1/2-1/2